AoeStats
← Zhurano

Black Forest

510404633Analyzed
2v2 RM · 2d ago on Sep 30, 2026· 38m 44s· 4 players
Game mode
Random Map
Map size
Medium (4 player)
Population
200
Speed
Normal
Resources
Standard
Victory
Conquest
Starting age
Dark Age
Ending age
Imperial Age
RankedLock teamsTeams togetherTeam positionsShared explorationLock speedFull tech treeHidden civsTurbo modeCheats
Victory
Defeat
🇨🇴 Bohemians · Colombia
850
+12
🇨🇴 Burgundians · Colombia
848
+12
🇧🇷 Celts · Brazil
775
-12
🇧🇷 Magyars · Brazil
766
-33
Zhurano
7:35 Loom
12:34 Feudal Age
13:03 Double-Bit Axe
15:25 Bloodlines
20:18 Gold Mining
25:27 Castle Age
23:38 Horse Collar
27:38 Scale Barding Armor
28:19 Fletching
28:30 Padded Archer Armor
28:52 Chain Barding Armor
29:45 Stone Mining
30:02 Heavy Plow
31:48 Bodkin Arrow
33:56 Leather Archer Armor
34:24 Thumb Ring
39:56 Imperial Age
BlackLotus101
18:35 Feudal Age
17:37 Loom
19:11 Horse Collar
21:30 Double-Bit Axe
27:08 Castle Age
24:57 Man-at-Arms
39:11 Imperial Age
37:46 Pikeman
38:12 Gambesons
eduard.ft
1:47 Loom
14:25 Feudal Age
19:13 Castle Age
23:06 Horse Collar
23:17 Double-Bit Axe
25:46 Cavalier
27:40 Wheelbarrow
27:44 Husbandry
32:01 Imperial Age
31:06 Hand Cart
31:17 Bow Saw
33:55 Chemistry
34:31 Ballistics
33:34 Paladin
33:38 Elite Skirmisher
34:38 Forging
34:38 Scale Barding Armor
36:51 Burgundian Vineyards
38:31 Iron Casting
38:17 Chain Barding Armor
37:48 Fletching
aebigor
0:49 Loom
13:50 Feudal Age
19:12 Castle Age
20:52 Pikeman
21:34 Scale Mail Armor
21:44 Forging
21:55 Double-Bit Axe
21:52 Horse Collar
23:37 Chain Mail Armor
31:59 Imperial Age
33:36 Forging
36:02 Fletching
36:12 Padded Archer Armor
37:37 Town Watch
39:05 Arson
Connection lost

Rejoining the realm…

Still unreachable

The connection could not be restored.

Session expired

The server has moved on; the page needs a fresh start.